 Dungeon Sprint DCSS version 0.31-a0-37-g98a128e1d9 (webtiles) character file.

Game seed: 14931993482568132990

0 bmack86 the Shield-Bearer (level 1, -2/20 HPs)
             Began as a Minotaur Fighter on May 15, 2023.
             Was an Initiate of Qazlal.
             Slain by Sigmund
             ... wielding a +0 scythe
              (4 damage)
             ... in the Dungeon (Sprint VI: "Thunderdome").
             The game lasted 00:01:54 (57 turns).

bmack86 the Shield-Bearer (Minotaur Fighter)          Turns: 57, Time: 00:01:54

Health: -2/20      AC:  7    Str: 20    XL:     1   Next: 16%
Magic:  0/0        EV:  9    Int:  5    God:    Qazlal [......]
Gold:   200        SH:  4    Dex:  9    Spells: 0/0 levels left

rFire   . . .        a - +0 war axe
rCold   . . .        c - +0 buckler
rNeg    . . .        b - +0 scale mail
rPois   .            (helmet restricted)
rElec   .            (no cloak)
rCorr   .            (no gloves)
SInv    .            (no boots)
Will    .....        (no amulet) Stlth
                     (no ring)
HPRegen 0.23/turn    (no ring)
MPRegen 0.07/turn

%: no teleportation
@: mighty
A: horns 2, retaliatory headbutt
a: Renounce Religion


You were in the Dungeon.
You worshipped Qazlal.
Qazlal was noncommittal.
You visited 1 branch You collected 200 gold pieces.

Inventory:

Hand Weapons
 a - a +0 war axe (weapon)
Armour
 b - a +0 scale mail (worn)
 c - a +0 buckler (worn)
Wands
 k - a wand of iceblast (5)
 l - a wand of light (5)
Scrolls
 j - 4 scrolls of blinking
 m - 3 scrolls of fog
Potions
 e - a potion of curing
 f - 4 potions of heal wounds
 g - 4 potions of haste
 h - 2 potions of magic
 i - a potion of berserk rage
 n - a potion of resistance


   Skills:
 + Level 3.9 Fighting
 * Level 2.5 Axes
 + Level 3.9 Armour
 + Level 3.9 Shields
 + Level 0.0 Invocations
 + Level 0.0 Evocations


You couldn't memorise any spells.
You didn't know any spells.
Your spell library was empty.

Dungeon Overview and Level Annotations

Branches:
Dungeon (1/1)

Altars:
Cheibriados
Dithmenos
Fedhas
Gozag
Kikubaaqudgha
Okawaru
Qazlal
Ru
Trog
Uskayaw
Vehumet
Wu Jian
Xom
Yredelemnul
The Shining One
Lugonu

Shops:
D *[?**[(!!!!

Annotations:
D Sigmund


Innate Abilities, Weirdness & Mutations

You have a pair of horns on your head.
You reflexively headbutt those who attack you in melee.


Message History

Found Qiback's Weapon Rack.
Found Emnedeucw's Premium Goods.
Found three altars.
Found Ifaluela's Basic Armour and Vatzuoto's Miscellaneous Merchandise.
Found a stormy altar of Qazlal.
Found a basalt altar of Yredelemnul.
Found Ameqyl's Identification Station.
Found Widghabla's Advanced Armour and Qesam's Jewellery.
There is a stormy altar of Qazlal here.
You kneel at the altar of Qazlal.
Qazlal welcomes you!
Qazlal grants you and your divine allies immunity to clouds.
Found a blossoming altar of Fedhas and an iron altar of Okawaru.
There is a basalt altar of Yredelemnul here.
There is an entrance to Ameqyl's Identification Station here.
Sigmund the Dreaded comes into view.
He is wielding a +0 scythe.
Sigmund shouts!
There is an entrance to Widghabla's Advanced Armour here.
Sigmund closely misses you.
You hit Sigmund but do no damage. Your headbutt misses Sigmund.
You feel very mighty all of a sudden. You block Sigmund's attack.
You hit Sigmund.
Sigmund is lightly wounded.
Sigmund points at you and mumbles some strange words.
The puff of flame hits you!
Ouch! That really hurt!
You barely miss Sigmund.
Sigmund is lightly wounded.
Sigmund hits you but does no damage.
You slash Sigmund! Your headbutt misses Sigmund.
Sigmund is heavily wounded.
Sigmund hits you with a +0 scythe!
* * * LOW HITPOINT WARNING * * *
You hit Sigmund. Your headbutt misses Sigmund.
Sigmund is heavily wounded.
You block Sigmund's attack.
You hit Sigmund but do no damage.
Sigmund is heavily wounded.
Sigmund hits you with a +0 scythe.
You die...

###........ #⌠..
...... #####.8..
..... ##._._......
#.. ###∩........8.
#.8
##.............###..
#⌠..........# #...##
#⌠..........# #.<.#
#⌠@@........###...##
##.............###..
###∩........8.# #.8
##∩_._......###..
######.8........
#⌠.........
###........
#_....... #_.......


You could see Sigmund.

Vanquished Creatures
  A goblin (D)
1 creature vanquished.

Notes
Turn   | Place    | Note
-------+----------+-------------------------------------------
     0 | D        | bmack86 the Minotaur Fighter began the quest for the Orb.
     0 | D        | Reached XP level 1. HP: 19/19 MP: 0/0
     2 | D        | Found a shadowy altar of Dithmenos.
     2 | D        | Found an ancient bone altar of Kikubaaqudgha.
     3 | D        | Found a shimmering altar of Xom.
     3 | D        | Found a sacrificial altar of Ru.
     4 | D        | Found a corrupted altar of Lugonu.
     4 | D        | Found a snail-covered altar of Cheibriados.
     5 | D        | Found Dacag's Distillery.
     5 | D        | Found a bloodstained altar of Trog.
     5 | D        | Found a hide-covered altar of Uskayaw.
     5 | D        | Found Wacodimm's Do-It-Yourself Clinic.
     5 | D        | Round 1.
     6 | D        | Found Madekofu's Distillery.
     6 | D        | Found Wunalet's Bottled Wisdom.
     8 | D        | Found a glowing golden altar of the Shining One.
    15 | D        | Found an opulent altar of Gozag.
    19 | D        | Found Qiback's Weapon Rack.
    21 | D        | Found an ornate altar of the Wu Jian Council.
    21 | D        | Found a radiant altar of Vehumet.
    21 | D        | Found Emnedeucw's Premium Goods.
    22 | D        | Found Ifaluela's Basic Armour.
    22 | D        | Found Vatzuoto's Miscellaneous Merchandise.
    29 | D        | Found a stormy altar of Qazlal.
    34 | D        | Found a basalt altar of Yredelemnul.
    35 | D        | Found Ameqyl's Identification Station.
    37 | D        | Found Widghabla's Advanced Armour.
    37 | D        | Found Qesam's Jewellery.
    41 | D        | Became a worshipper of Qazlal Stormbringer
    42 | D        | Found a blossoming altar of Fedhas.
    42 | D        | Found an iron altar of Okawaru.
    47 | D        | Noticed Sigmund
    55 | D        | HP: 1/20 [Sigmund/+0 scythe (9)]
    57 | D        | Slain by Sigmund

Illustrated notes

Levels and vault maps discovered:
D:        arena_sprint

Action                     || total
---------------------------++-------
  Melee: War axe           ||     7
    Use: Potion            ||     1
 Armour: Scale mail        ||     1
  Dodge: Dodged            ||     1
  Block: Buckler           ||     2

Table legend: (Time is in decaauts)
 A = Elapsed time spent in this place.
 B = Non-inter-level travel time spent in this place.
 C = Inter-level travel time spent in this place.
 D = Time resting spent in this place.
 E = Time spent auto-exploring this place.
 F = Levels seen in this place.
 G = Mean time per level.
                   A        B        C        D        E       F      G
               +--------+--------+--------+--------+--------+-----+--------+
         Total |     59 |     59 |      0 |      0 |      0 |   1 |   59.0 |
       Dungeon |     59 |     59 |      0 |      0 |      0 |   1 |   59.0 |
               +--------+--------+--------+--------+--------+-----+--------+

Top non-repeatable levels by time:
       D: 59 daAuts
